 Dungeon Crawl Stone Soup version 0.21.1-1-g345015fe64 (webtiles) character file.

95 JOKERXD40 the Skirmisher (level 4, -6/41 HPs)
             Began as a Minotaur Berserker on June 26, 2018.
             Was a Believer of Trog.
             Mangled by a gnoll
             ... wielding a cursed +0 spear
              (8 damage)
             ... on level 2 of the Dungeon.
             The game lasted 00:03:13 (1428 turns).

JOKERXD40 the Skirmisher (Minotaur Berserker)       Turns: 1428, Time: 00:03:14

Health: -6/41      AC:  3    Str: 23    XL:     4   Next: 39%
Magic:  3/3        EV: 13    Int:  4    God:    Trog [**....]
Gold:   102        SH:  0    Dex:  9    Spells: 3/3 levels left

rFire    . . .     SeeInvis .   a - +0 hand axe
rCold    . . .     Gourm    .   (no shield)
rNeg     . . .     Faith    .   b - +0 animal skin
rPois    .         Spirit   .   (helmet restricted)
rElec    .         Reflect  .   i - +0 cloak
rCorr    .         Harm     .   (no gloves)
MR       ++...                  (no boots)
Stlth    +.........             (no amulet)
HPRegen  1.13/turn              (no ring)
MPRegen  0.08/turn              (no ring)

@: berserk cooldown, regenerating, slowed, very slow
A: retaliatory headbutt, horns 2
a: Berserk, Trog's Hand, Burn Spellbooks, Renounce Religion


You were on level 2 of the Dungeon.
You worshipped Trog.
Trog was pleased with you.
You were near starving.

You visited 1 branch of the dungeon, and saw 2 of its levels.

You collected 102 gold pieces.

Inventory:

Hand Weapons
 a - a +0 hand axe (weapon)
Missiles
 o - 5 tomahawks (quivered)
Armour
 b - a +0 animal skin (worn)
 i - a +0 cloak (worn)
Scrolls
 g - a scroll of enchant weapon {unknown}
 h - a scroll of teleportation {unknown}
 k - a scroll of enchant armour {unknown}
 l - 2 scrolls of remove curse {unknown}
 n - a scroll of identify {unknown}
Potions
 d - a potion of lignification {unknown}
 e - a potion of cancellation {unknown}
 f - a potion of might
 j - a potion of agility {unknown}
 m - a potion of heal wounds {unknown}
Comestibles
 c - 5 rations


   Skills:
 + Level 4.7 Fighting
 + Level 4.6 Axes
 + Level 2.7 Armour
 + Level 3.2 Dodging


You had 3 spell levels left.
You didn't know any spells.

Dungeon Overview and Level Annotations

Branches:
Dungeon (2/15)

Altars:


Innate Abilities, Weirdness & Mutations

You reflexively headbutt those who attack you in melee.
You have a pair of horns on your head.


Message History

You are too injured to fight recklessly!
You are too injured to fight recklessly!
Unknown command.
You are too injured to fight recklessly!
Your skin crawls.
You feel resistant to hostile enchantments.
You feel quite a bit more hungry. The gnoll misses you.
The gnoll hits you from afar with a spear.
* * * LOW HITPOINT WARNING * * *
You are too injured to fight recklessly!
You are near starving!
You hit the ball python.
You kill the ball python!
Trog accepts your kill.
You hit the gnoll but do no damage.
You feel the effects of Trog's Hand fading.
The gnoll hits you with a whip!
* * * LOW HITPOINT WARNING * * *
The gnoll hits you from afar with a spear!
You die...

#.##.##....##
##%..###.##.......#
###8....##.#####....##
.#.....##.######...รท.
......##....###.#.#.
#.....##.......###..
#8g...###.....#.#.#.
#g).# #...........
#.@.# ##.....#..###
##..###..<......#
##...##########.#
#...## #.# ##..## #.#
###...## #.# ##......#
#.# #.....### #.#
#.....# #.#


You could see 2 gnolls.

Vanquished Creatures
  2 gnolls (D:2)
  2 adders (D:2)
  A worm (D:2)
  A dart slug (D:2)
  A leopard gecko (D:1)
  2 ball pythons (D:2)
  6 bats
  4 giant cockroaches
  6 goblins
  8 hobgoblins
  6 kobolds
  4 frilled lizards
  9 rats
52 creatures vanquished.

Notes
Turn   | Place    | Note
-------+----------+-------------------------------------------
     0 | D:1      | JOKERXD40 the Minotaur Berserker began the quest for the Orb.
     0 | D:1      | Reached XP level 1. HP: 19/19 MP: 0/0
   188 | D:1      | Reached XP level 2. HP: 13/27 MP: 1/1
   772 | D:2      | Reached XP level 3. HP: 13/33 MP: 2/2
   948 | D:2      | Reached ** piety under Trog
  1163 | D:2      | Reached XP level 4. HP: 15/41 MP: 3/3
  1428 | D:2      | HP: 2/41 [gnoll/whip (8)]
  1428 | D:2      | Mangled by a gnoll

Skill      XL: |  1  2  3  4 |
---------------+-------------+-----
Axes           | 4 |  4.6
Fighting       | 4 |  4.7
Dodging        | 3 |  3.2
Armour         | |  2.7

Action                   |  1- 3 |  4- 6 || total
-------------------------+-------+-------++-------
Melee: Hand axe          |    85 |     5 ||    90
       Headbutt          |    12 |     2 ||    14
Invok: Berserk           |     2 |     1 ||     3
       Trog's Hand       |       |     1 ||     1
 Stab: Sleeping          |     1 |       ||     1
  Eat: Chunk             |     2 |     1 ||     3
Armor: Animal skin       |    12 |     1 ||    13
Dodge: Dodged            |    67 |     9 ||    76
